 Dungeon Crawl Stone Soup version 0.28.0-53-g5a82cb258f (webtiles) character file.

Game seed: 9675712473612158555

157 H0rd4k the Charlatan (level 5, -2/38 HPs)
             Began as a Human Artificer on May 31, 2022.
             Slain by a gnoll
             ... wielding a +0 flail
              (5 damage)
             ... on level 5 of the Dungeon.
             The game lasted 00:04:25 (4618 turns).

H0rd4k the Charlatan (Human Artificer)              Turns: 4618, Time: 00:04:26

Health: -2/38      AC:  3    Str: 12    XL:     5   Next: 66%
Magic:  5/5        EV: 12    Int: 13    God:
Gold:   125        SH:  0    Dex: 14    Spells: 4/4 levels left

rFire   . . .      SeeInvis .   s - +2 falchion (protect)
rCold   . . .      Faith    .   (no shield)
rNeg    . . .      Spirit   .   b - +0 leather armour
rPois   .          Reflect  .   (no helmet)
rElec   .          Harm     .   (no cloak)
rCorr   .          Rampage  .   (no gloves)
Will    .....                   (no boots)
Stlth   +.........              (no amulet)
HPRegen 0.12/turn               (no ring)
MPRegen 0.09/turn               (no ring)

@: no status effects
A: no striking features
a: no special abilities


You were on level 5 of the Dungeon.
You visited 1 branch of the dungeon, and saw 5 of its levels.

You collected 125 gold pieces.

Inventory:

Hand Weapons
 a - a +0 club
 r - a +1 spear of venom
 s - a +2 falchion of protection (weapon)
Missiles
 m - 4 poisoned darts
Armour
 b - a +0 leather armour (worn)
Jewellery
 p - a ring of protection from fire
Wands
 c - a wand of flame (1) (quivered)
 d - a wand of charming (1)
Scrolls
 f - 2 scrolls of identify {unknown}
 h - 3 scrolls of noise {unknown}
 j - a scroll of teleportation {unknown}
 l - 2 scrolls of blinking {unknown}
 n - 2 scrolls of fog {unknown}
 o - 2 scrolls of immolation {unknown}
 q - a scroll of enchant weapon {unknown}
Potions
 g - a potion of flight {unknown}
 i - a potion of lignification {unknown}
 k - 2 potions of heal wounds {unknown}
Miscellaneous
 e - a piece from Xom's chessboard (15/15)


   Skills:
 + Level 2.2 Fighting
 + Level 1.9 Maces & Flails
 - Level 2.0 Armour
 + Level 2.1 Dodging
 - Level 1.0 Stealth
 + Level 4.4 Evocations


You had 4 spell levels left.
You didn't know any spells.
Your spell library contained the following spells:

 Spells                   Type           Power      Damage    Failure   Level
 Conjure Flame            Conj/Fire      0%         6-21      75%         3
 Ignite Poison            Fire/Tmut/Pois 0%         N/A       75%         3
 Sticky Flame             Conj/Fire      0%         2d3       98%         4


Dungeon Overview and Level Annotations

Branches:
Dungeon (5/15)
 Temple: D:4-7

Altars:
Ru
Zin

Annotations:
D:2 exclusion: downstairs
D:5 Duvessa


Message History

You slash the gnoll!
Your weapon exudes an aura of protection.
The gnoll is severely wounded.
The gnoll closely misses you.
You barely miss the gnoll.
The gnoll is severely wounded.
The gnoll hits you but does no damage. x2
You hit the gnoll.
The gnoll is almost dead.
The gnoll completely misses you.
You hit the gnoll.
You kill the gnoll!
The gnoll hits you but does no damage.
You barely miss the gnoll. The gnoll barely misses you.
You slash the gnoll!
The gnoll is heavily wounded.
The gnoll misses you.
You hit the gnoll.
The gnoll is severely wounded.
The gnoll misses you.
You closely miss the gnoll.
The gnoll is severely wounded.
The gnoll hits you but does no damage. The gnoll closely misses you.
You barely miss the gnoll.
The gnoll is severely wounded.
The gnoll hits you but does no damage.
You barely miss the gnoll.
The gnoll is severely wounded.
The gnoll barely misses you.
You hit the gnoll.
Your weapon exudes an aura of protection.
You kill the gnoll!
The gnoll throws a throwing net.
The throwing net hits you.
You become entangled in the net!
You struggle against the net.
You tear a large gash into the net.
The gnoll hits you with a +0 flail.
You rip the net and break free!
The gnoll hits you with a +0 flail!
* * * LOW HITPOINT WARNING * * *
You closely miss the gnoll. The gnoll hits you with a +0 flail.
You die...

#.#....<...#
###########...........
#...g..gg.....###.....
#.#########.......#...
#.# #.#####..... #g#
#.# ##.... #.# #.#
#..#. ##.###### #.#
#.### #...gg@.# #.#
##..) #..####.# .#
##.# #..# #.# #.# #...
#.# #.# .... ... #.#
..... ... #.#
##......e.## #.# #.##
#### #.# #.#


You could see 2 gnolls.

Vanquished Creatures
  An iguana (D:5)
  2 gnolls (D:5)
  4 adders
  An adder zombie (D:5)
  An adder skeleton (D:4)
  A worm (D:2)
  6 orcs
  2 bats
  2 endoplasms
  A giant cockroach (D:2)
  2 hobgoblins
  2 jackals (D:1)
  7 kobolds
  3 quokkas
  7 ball pythons
  5 frilled lizards
  3 goblins
  A quokka skeleton (D:4)
  3 rats (D:2)
54 creatures vanquished.

Vanquished Creatures (collateral kills)
  An ufetubus (D:5)
  An orc (D:3)
  A bat (D:3)
  A quokka (D:3)
4 creatures vanquished.

Vanquished Creatures (others)
  An ice beast (D:5)
  An orc wizard (D:3)
2 creatures vanquished.

Grand Total: 60 creatures vanquished

Notes
Turn   | Place    | Note
-------+----------+-------------------------------------------
     0 | D:1      | H0rd4k the Human Artificer began the quest for the Orb.
     0 | D:1      | Reached XP level 1. HP: 15/15 MP: 1/1
   388 | D:1      | Noticed a golden eye
   399 | D:1      | Reached XP level 2. HP: 21/21 MP: 2/2
   522 | D:1      | Found a faded altar of an unknown god.
   692 | D:1      | Noticed an eye of devastation
   693 | D:1      | Noticed a great orb of eyes
   693 | D:1      | Noticed an eye of devastation
  1117 | D:2      | Reached XP level 3. HP: 10/26 MP: 3/3
  1441 | D:2      | Reached skill level 4 in Evocations
  1914 | D:2      | Found a glowing silver altar of Zin.
  2469 | D:3      | Reached XP level 4. HP: 32/32 MP: 4/4
  3154 | D:3      | Reached skill level 1 in Maces & Flails
  3752 | D:3      | Found a sacrificial altar of Ru.
  4167 | D:4      | Noticed a water moccasin
  4330 | D:4      | Noticed a water moccasin
  4331 | D:4      | Reached XP level 5. HP: 38/38 MP: 5/5
  4437 | D:5      | Entered Level 5 of the Dungeon
  4442 | D:5      | Noticed a phantom
  4505 | D:5      | Noticed an ogre
  4567 | D:5      | Noticed an ice beast
  4601 | D:5      | Noticed Duvessa
  4618 | D:5      | Slain by a gnoll

Illustrated notes

Levels and vault maps discovered:
D:1:      mushboom_english_gardens, layout_rooms,
          hellmonk_ecumenical_altar_watching_god, minmay_misc_feat_columns
D:2:      layout_rooms, basic_altar, grunt_ministairs_4, grunt_decor_arrowhead
D:3:      layout_basic, nicolae_ru_great_annihilating_truth,
          hangedman_decor_clover_reticule, saegor_snake_ambush
D:4:      layout_basic, minmay_temple_entry_sparse_star,
          minmay_misc_feat_pillars, kennysheep_windowed_goal
D:5:      layout_loops_ring, cheibrodos_sewer_entry_bend, uniq_duvessa

Skill      XL: |  1  2  3  4  5 |
---------------+----------------+-----
Evocations     | 4 |  4.4
Maces & Flails | 1 |  1.9
Fighting       | 2 |  2.2
Dodging        | 2 |  2.1
Armour         | |  2.0
Stealth        | |  1.0

Action                   |  1- 3 |  4- 6 || total
-------------------------+-------+-------++-------
Melee: Club              |   113 |    73 ||   186
       Punch             |     2 |     3 ||     5
       Falchion          |       |    27 ||    27
Evoke: Wand              |     6 |    22 ||    28
 Stab: Sleeping          |     2 |     2 ||     4
       Invisible         |       |     1 ||     1
       Paralysed         |       |     1 ||     1
Armor: Leather armour    |    49 |    31 ||    80
Dodge: Dodged            |    89 |    61 ||   150
